 Dungeon Crawl Stone Soup version 0.30.0-16-gbe6223bb7e (webtiles) character file.

Game seed: 13691757283779847341

6722 Jackthecabe the Protected (level 10, -5/85 HPs)
             Began as a Demonspawn Warper on May 20, 2023.
             Was a Follower of Qazlal.
             Slain by an ice devil (18 damage)
             ... summoned by a kobold demonologist
             ... on level 10 of the Dungeon.
             The game lasted 00:18:21 (12137 turns).

Jackthecabe the Protected (Demonspawn Warper)      Turns: 12137, Time: 00:18:21

Health: -5/85      AC: 12    Str: 16    XL:     10   Next: 74%
Magic:  0/13       EV: 10    Int: 17    God:    Qazlal [*.....]
Gold:   195        SH:  7    Dex: 13    Spells: 13/13 levels left

rFire   + . .        N - +3 trident
rCold   . . .        F - +2 buckler
rNeg    + . .        R - +2 ring mail {rF+}
rPois   .            n - +0 helmet
rElec   +            (no cloak)
rCorr   .            (no gloves)
SInv    +            (no boots)
Will    .....        I - amulet of guardian spirit
Stlth   +            p - ring "Feol" {rElec rN+ Int+3 SInv}
HPRegen 0.34/turn    (no ring)
MPRegen 0.13/turn

%: guardian spirit
@: mighty, spiked
A: yellow scales 1, powered by pain 2, spiny 1, demonic touch 2
a: Renounce Religion


You were on level 10 of the Dungeon.
You worshipped Qazlal.
Qazlal was aware of your devotion.
You visited 2 branches of the dungeon, and saw 11 of its levels.
You also visited: Sewer.

You collected 569 gold pieces.
You spent 374 gold pieces at shops.

Inventory:

Hand Weapons
 r - a +1 dagger of freezing
   (You took it off a kobold brigand in a sewer)
 D - a +2 spear of venom
   (You took it off a gnoll sergeant on level 7 of the Dungeon)
 N - a +3 trident (weapon)
   (You took it off a wight on level 7 of the Dungeon)
Missiles
 d - 6 boomerangs of dispersal (quivered) {=f}
 q - 43 poisoned darts
 u - 2 curare-tipped darts
Armour
 b - a +0 leather armour
 n - a +0 helmet (worn)
   (You found it on level 2 of the Dungeon)
 F - a +2 buckler (worn)
   (You took it off a gnoll sergeant on level 7 of the Dungeon)
 L - a +0 cloak
   (You found it on level 9 of the Dungeon)
 R - a +2 ring mail of fire resistance (worn)
   (You bought it in a shop on level 8 of the Dungeon)
 T - an orb of light
   (You found it on level 9 of the Dungeon)
 U - a +0 cloak
   (You found it on level 9 of the Dungeon)
Magical Staves
 z - a staff of earth
   (You found it on level 3 of the Dungeon)
Jewellery
 h - a ring of fire {rF+, rC-}
   (You found it on level 1 of the Dungeon)
 p - the ring "Feol" (left hand) {rElec rN+ Int+3 SInv}
   (You found it on level 3 of the Dungeon)

   [ring of see invisible]

   Int:       It affects your intelligence (+3).
   rElec:     It insulates you from electricity.
   rN:        It protects you from negative energy.
   SInv:      It lets you see invisible.
 I - an amulet of guardian spirit (around neck)
   (You found it on level 6 of the Dungeon)
 M - a +4 ring of protection
   (You found it on level 7 of the Dungeon)
 O - a ring of magical power {MP+9}
   (You found it on level 8 of the Dungeon)
Wands
 B - a wand of flame (66)
   (You took it off Eustachio on level 3 of the Dungeon)
 H - a wand of mindburst (16)
   (You found it on level 6 of the Dungeon)
 P - a wand of iceblast (6)
   (You found it on level 8 of the Dungeon)
 W - a wand of charming (5)
   (You found it on level 9 of the Dungeon)
Scrolls
 a - a scroll of amnesia {unknown}
 c - 5 scrolls of blinking {!r!d}
 i - 2 scrolls of noise {unknown}
 j - 2 scrolls of fog
 k - 4 scrolls of vulnerability {unknown}
 l - a scroll of magic mapping {!r}
 t - 7 scrolls of teleportation {unknown}
 v - a scroll of fear {unknown}
 x - 4 scrolls of enchant armour {unknown}
 y - a scroll of immolation {unknown}
 A - a scroll of brand weapon {unknown}
 C - 2 scrolls of silence {unknown}
 E - a scroll of poison {unknown}
 G - 3 scrolls of identify {@r1}
 K - 2 scrolls of enchant weapon {unknown}
 S - a scroll of torment {unknown}
Potions
 e - 3 potions of berserk rage {unknown}
 g - a potion of cancellation {unknown}
 m - 2 potions of might
 o - 4 potions of curing {@q1, !d}
 s - 7 potions of mutation {!q}
 w - 2 potions of resistance {unknown}
 J - a potion of attraction {unknown}
 Q - a potion of ambrosia {unknown}
Miscellaneous
 V - a piece from Xom's chessboard (15/15)
   (You found it on level 9 of the Dungeon)


   Skills:
 + Level 10.0 Fighting
 - Level 6.0 Polearms
 - Level 4.0 Throwing
 - Level 10.0 Armour
 - Level 2.0 Dodging
 - Level 2.0 Spellcasting
 - Level 2.6 Translocations


You had 13 spell levels left.
You didn't know any spells.
Your spell library contained the following spells:

 Spells                   Type           Power      Damage    Failure   Level
 Blink                    Tloc           20%        N/A       22%         2
 Lesser Beckoning         Tloc           20%        N/A       22%         2
 Magic Dart               Conj           4%         1d3       41%         1
 Necrotise                Necr           4%         1d4       41%         1
 Gell's Gravitas          Tloc           10%        N/A       41%         3
 Teleport Other           Tloc           10%        N/A       41%         3
 Call Imp                 Summ           2%         N/A       54%         2
 Ensorcelled Hibernation  Hex/Ice        2%         N/A       54%         2
 Vhi's Electric Charge    Tloc/Air       12%        N/A       58%         3
 Volatile Blastmotes      Fire/Tloc      12%        2d11      58%         3
 Dazzling Flash           Conj/Hex       2%         N/A       78%         3
 Hailstorm                Conj/Ice       1%         3d3       78%         3
 Mephitic Cloud           Conj/Pois/Air  1%         N/A       78%         3
 Spider Form              Tmut/Pois      1%         N/A       78%         3
 Manifold Assault         Tloc           10%        N/A       82%         4
 Iskenderun's Mystic Bla  Conj/Tloc      6%         2d4       94%         4
 Anguish                  Hex/Necr       0%         N/A       99%         4
 Fulminant Prism          Conj/Hex       0%         3d5       99%         4
 Ice Form                 Ice/Tmut       1%         N/A       99%         4
 Petrify                  Tmut/Erth      1%         N/A       99%         4
 Lee's Rapid Deconstruct  Erth           0%         3d4*      100%        5
 Metabolic Englaciation   Hex/Ice        0%         N/A       100%        5
 Dispersal                Tloc           5%         N/A       100%        6
 Simulacrum               Ice/Necr       0%         N/A       100%        6
 Starburst                Conj/Fire      0%         6d3       100%        6
 Statue Form              Tmut/Erth      0%         N/A       100%        6


Dungeon Overview and Level Annotations

Branches:
Dungeon (10/15)            Temple (1/1) D:6            Lair (0/5) D:9
  Sewer (visited)
    Orc: D:9-12

Altars:
Ashenzari
Cheibriados
Dithmenos
Fedhas
Gozag
Hepliaklqana
Kikubaaqudgha
Makhleb
Nemelex Xobeh
Okawaru
Qazlal
Ru
Sif Muna
Trog
Uskayaw
Vehumet
Wu Jian
Xom

Shops:
D:4 *   D:8 [

Annotations:
D:3 Grinder
D:4 2 runed translucent doors, exclusion: upstairs, hamfred's ghost, amateur HuCj
D:8 3 runed translucent doors, Wulfey's ghost, novice MiBe


Innate Abilities, Weirdness & Mutations

You are partially covered in yellow scales. (AC +2)
You sometimes gain power by taking damage.
You are partially covered in sharp spines.
Your touch may inflict irresistible damage on your foes.


Message History

There is a stone staircase leading down here.
You climb downwards.
There is a stone staircase leading up here.
You add the spells Petrify, Metabolic Englaciation and Statue Form to your library.
A kobold demonologist, a kobold brigand and 2 kobolds come into view.
The kobold brigand is wielding a +0 short sword and quivering poisoned darts.
A kobold is wielding a +0 short sword and quivering poisoned darts.
A kobold is wielding a +2 dagger of venom.
Found a stone staircase leading down.
The kobold demonologist shouts!
The kobold brigand shouts!
The kobold shouts! x2
You hear a shout!
A human comes into view. It is wielding a +0 mace.
The human shouts!
You hear a shout!
Unknown command.
You start waiting.
A kobold brigand is nearby!
A kobold comes into view. It is wielding a +0 club.
A kobold comes into view.
It is wielding a +1 short sword of venom.
The kobold demonologist casts a spell.
You closely miss the kobold brigand.
The kobold shouts!
The kobold brigand is struck by your spines.
The kobold brigand hits you with a +0 short sword.
The kobold demonologist is struck by your spines.
The kobold demonologist misses you.
You now have 12/13 mp.
You hit the kobold brigand but do no damage.
A human comes into view. It is wielding a +0 club.
You block the kobold brigand's attack. You block the red devil's attack.
The kobold demonologist barely misses you.
The human shouts!
You puncture the kobold brigand! The kobold brigand barely misses you.
The red devil hits you from afar with a +0 trident!!
Barbed spikes become lodged in your body.
You block the kobold demonologist's attack.
You take 18 damage, and have 67/85 hp.
MASSIVE DAMAGE!!
You now have 9/13 mp.
You hit the kobold demonologist. You block the kobold brigand's attack.
The red devil hits you but does no damage.
The kobold demonologist hits you but does no damage.
You barely miss the kobold demonologist.
The kobold brigand hits you but does no damage.
The red devil closely misses you.
The kobold demonologist mumbles some strange words.
You barely miss the kobold demonologist.
The red devil barely misses you.
The kobold brigand hits you but does no damage.
You block the kobold demonologist's attack.
The ice devil barely misses you.
You hit the kobold demonologist.
The kobold brigand hits you but does no damage.
The kobold demonologist casts a cantrip, but nothing happens.
The red devil hits you from afar with a +0 trident!
Barbed spikes become lodged in your body.
The ice devil hits you. The ice devil freezes you!
You focus on the pain.
You feel your power returning.
You take 22 damage, and have 46/85 hp.
MASSIVE DAMAGE!!
MP restored: 13 You puncture the kobold demonologist!
The kobold brigand barely misses you.
The red devil hits you from afar with a +0 trident.
Barbed spikes become lodged in your body.
The kobold demonologist casts a spell.
A human comes into view. It is wielding a +0 club.
The ice devil hits you. The ice devil freezes you!!
* * * LOW HITPOINT WARNING * * *
You take 21 damage, and have 25/85 hp.
MASSIVE DAMAGE!!
You now have 7/13 mp.
You hit the kobold demonologist.
The red devil hits you from afar with a +0 trident.
* * * LOW HITPOINT WARNING * * *
Barbed spikes become lodged in your body.
The kobold brigand hits you but does no damage.
The kobold demonologist looks encouraged for a moment.
You block the ice devil's attack.
You take 4 damage, and have 21/85 hp.
You barely miss the kobold demonologist.
The kobold brigand barely misses you. The red devil barely misses you.
The kobold demonologist is struck by your spines.
The kobold demonologist hits you but does no damage.
The ice devil closely misses you.
The barbs in your skin will harm you if you move.
Continue?
Okay, then.
Okay, then.
You feel much better.
The red devil hits you from afar with a +0 trident!
Barbed spikes become lodged in your body.
The kobold brigand barely misses you.
The kobold demonologist looks braver for a moment.
The ice devil is struck by your spines. The ice devil hits you!
The ice devil freezes you!
You regained 5 hp, and now have 26/85 hp.
You now have 5/13 mp.
You feel very mighty all of a sudden.
The kobold brigand is struck by your spines.
The kobold brigand hits you with a +0 short sword.
* * * LOW HITPOINT WARNING * * *
The red devil hits you from afar with a +0 trident!
* * * LOW HITPOINT WARNING * * *
Barbed spikes become lodged in your body.
The kobold demonologist completely misses you.
The ice devil hits you.
* * * LOW HITPOINT WARNING * * *
The ice devil freezes you!!
You die... .. . . ###. .. #Kp ... #KK

....
#4##..#>.
#KKKp....
#@###
#####4..#
#.....#.#
#.###...#
#.#########.#
#....<......#
###########.#


You could see an ice devil (summoned), a kobold demonologist, 2 humans, a red
devil (summoned), a kobold brigand and 4 kobolds.

Vanquished Creatures
  Pikel (D:4)
  A cyclops (D:9)
  A komodo dragon (D:9)
  A hornet (D:9)
  Sigmund (D:5)
  A wyvern (D:8)
  Eustachio (D:3)
  A steam dragon (D:8)
  Menkaure (D:6)
  A water moccasin (D:7)
  A sky beast (D:6)
  A black bear (D:4)
  3 ice beasts (D:4 D:6 D:7)
  3 orc warriors (D:6 D:7 D:8)
  An ogre (D:4)
  3 centaurs (D:5 D:7 D:9)
  10 kobold brigands (Sewer D:8)
  3 bullfrogs (D:5 D:7)
  2 gnoll sergeants (D:7 D:8)
  7 scorpions (D:4 D:5 D:6)
  7 wights (D:5 D:6 D:7)
  15 killer bees (D:8 D:9)
  A howler monkey (D:9)
  2 orc priests (D:7 D:8)
  2 jellies (D:5)
  4 hounds (D:5 D:7)
  3 sleepcaps (D:3 D:7)
  7 iguanas (D:4 D:5 D:6)
  Terence (D:3)
  4 orc wizards (D:3 D:7)
  Natasha (thrice) (D:2)
  7 gnolls (D:3 D:4 D:8 D:7)
  6 adders (D:3 Sewer D:4)
  A river rat (Sewer)
  A shadow imp (D:5)
  An ufetubus (D:4)
  4 worms (Sewer D:4)
  2 dart slugs (D:3 D:4)
  15 orcs (D:3 D:4 D:5 D:7 D:8)
  6 ball pythons (D:1 D:4)
  9 endoplasms (D:1 D:2 Sewer D:4)
  3 giant cockroaches (D:1 D:2 D:3)
  A goblin (D:2)
  2 hobgoblins (D:3 D:4)
  6 jackals (D:1)
  20 kobolds (D:1 D:2 Sewer D:3 D:4)
  7 quokkas (D:1 D:3)
  3 bats (D:1 D:2)
  3 frilled lizards (D:1 D:2 D:3)
  7 rats (D:1 D:2 Sewer)
197 creatures vanquished.

Vanquished Creatures (others)
  Maurice (D:9)
1 creature vanquished.

Grand Total: 198 creatures vanquished

Notes
Turn   | Place    | Note
-------+----------+-------------------------------------------
     0 | D:1      | Jackthecabe the Demonspawn Warper began the quest for the
                  | Orb.
     0 | D:1      | Reached XP level 1. HP: 16/16 MP: 3/3
    42 | D:1      | Found a faded altar of an unknown god.
    49 | D:1      | Reached skill level 2 in Polearms
    75 | D:1      | HP: 8/16 [jackal (2)]
    75 | D:1      | HP: 3/16 [jackal (2)]
    84 | D:1      | HP: 7/16 [jackal (3)]
    90 | D:1      | HP: 4/16 [jackal (1)]
    93 | D:1      | Gained mutation: You are partially covered in sharp spines.
                  | [demonic ancestry]
    93 | D:1      | Reached XP level 2. HP: 6/22 MP: 5/5
    97 | D:1      | HP: 6/22 [jackal (1)]
   337 | D:1      | Reached skill level 3 in Polearms
   624 | D:2      | Noticed Natasha
   633 | D:2      | Killed Natasha
   634 | D:2      | Gained mutation: You sometimes gain a little power by
                  | taking damage. [demonic ancestry]
   634 | D:2      | Reached XP level 3. HP: 19/27 MP: 6/6
   702 | D:2      | Noticed Natasha
   781 | D:2      | Killed Natasha
   782 | D:2      | Reached skill level 4 in Polearms
   782 | D:2      | Gained mutation: You are partially covered in yellow
                  | scales. (AC +2) [demonic ancestry]
   782 | D:2      | Reached XP level 4. HP: 20/33 MP: 7/7
  1207 | D:2      | Noticed Natasha
  1230 | D:2      | HP: 13/33 [Natasha/magic dart (8)]
  1237 | D:2      | HP: 9/33 [Natasha/magic dart (3)]
  1525 | D:2      | Killed Natasha
  1833 | D:3      | Identified the ring "Feol" {rElec rN+ Int+3 SInv}
  1861 | D:3      | Found an ornate altar of the Wu Jian Council.
  1878 | D:3      | Found a glowing drain.
  1903 | Sewer    | Entered a sewer
  1986 | Sewer    | Noticed a kobold brigand
  2004 | Sewer    | Killed a kobold brigand
  2005 | Sewer    | Reached skill level 5 in Polearms
  2005 | Sewer    | Gained mutation: You sometimes gain power by taking damage.
                  | [demonic ancestry]
  2005 | Sewer    | Reached XP level 5. HP: 24/38 MP: 8/8
  2096 | Sewer    | HP: 13/38 [kobold brigand/+0 whip (8)]
  2098 | Sewer    | Gained mutation: Your touch may inflict minor irresistible
                  | damage on your foes. [demonic ancestry]
  2098 | Sewer    | Reached XP level 6. HP: 16/44 MP: 9/9
  2315 | Sewer    | Reached skill level 6 in Polearms
  2325 | Sewer    | Reached skill level 3 in Fighting
  2467 | Sewer    | Reached skill level 4 in Fighting
  2467 | Sewer    | Reached skill level 1 in Armour
  2541 | Sewer    | Reached skill level 2 in Armour
  2541 | Sewer    | Reached skill level 2 in Dodging
  2541 | Sewer    | Reached XP level 7. HP: 52/54 MP: 10/10
  2542 | Sewer    | Reached skill level 1 in Throwing
  2600 | Sewer    | Reached skill level 2 in Throwing
  2998 | Sewer    | Reached skill level 3 in Throwing
  3246 | D:3      | Noticed Terence
  3258 | D:3      | Killed Terence
  3485 | D:3      | Reached skill level 4 in Throwing
  3589 | D:3      | Found a snail-covered altar of Cheibriados.
  3591 | D:3      | Noticed Grinder
  4141 | D:4      | Noticed Eustachio
  4355 | D:3      | Killed Eustachio
  4356 | D:3      | Reached skill level 5 in Fighting
  4356 | D:3      | Gained mutation: Your touch may inflict irresistible damage
                  | on your foes. [demonic ancestry]
  4356 | D:3      | Reached XP level 8. HP: 33/62 MP: 11/11
  4356 | D:3      | HP: 31/62 [poisoned by Eustachio]
  4361 | D:3      | HP: 28/62 [poisoned by Eustachio]
  4809 | D:4      | Reached skill level 6 in Fighting
  4862 | D:4      | Found Voatisy's Assorted Antiques.
  4874 | D:4      | Bought a scroll of blinking for 150 gold pieces
  5046 | D:4      | Reached skill level 7 in Fighting
  5046 | D:4      | Noticed Pikel
  5074 | D:4      | Killed Pikel
  5075 | D:4      | Reached skill level 8 in Fighting
  5075 | D:4      | Reached skill level 3 in Armour
  5134 | D:4      | Found a large runed translucent door.
  5134 | D:4      | Found a large runed translucent door.
  5509 | D:4      | Noticed hamfred's ghost (amateur HuCj)
  5550 | D:5      | Entered Level 5 of the Dungeon
  5630 | D:5      | Reached XP level 9. HP: 53/74 MP: 12/12
  5765 | D:5      | Reached skill level 4 in Armour
  5859 | D:5      | Found a faded altar of an unknown god.
  5859 | D:5      | Noticed Sigmund
  5864 | D:5      | Found a hazy altar of Hepliaklqana.
  5866 | D:5      | Killed Sigmund
  6097 | D:5      | Reached skill level 5 in Armour
  6297 | D:5      | Found a shadowy altar of Dithmenos.
  6950 | D:5      | HP: 34/74 [poisoned by a scorpion]
  6954 | D:5      | HP: 16/74 [poisoned by a scorpion]
  6959 | D:5      | HP: 27/74 [poisoned by a scorpion]
  6961 | D:5      | Reached skill level 6 in Armour
  6964 | D:5      | HP: 23/74 [poisoned by a scorpion]
  7345 | D:6      | Found a bloodstained altar of Trog.
  7370 | D:6      | Reached skill level 7 in Armour
  7663 | D:6      | Found a staircase to the Ecumenical Temple.
  7673 | Temple   | Entered the Ecumenical Temple
  7696 | Temple   | Became a worshipper of Qazlal Stormbringer
  7784 | D:6      | Noticed Menkaure
  7825 | D:6      | Killed Menkaure
  8181 | D:7      | Reached skill level 8 in Armour
  8264 | D:7      | HP: 33/74 [orc priest/divine providence (9)]
  8277 | D:7      | HP: 20/74 [hound (1)]
  8278 | D:7      | HP: 8/74 [orc priest/divine providence (12)]
  8583 | D:7      | Reached XP level 10. HP: 80/80 MP: 13/13
  8647 | D:7      | Reached skill level 9 in Armour
  9012 | D:8      | Found Feengyce's Antique Armour Shoppe.
  9028 | D:8      | HP: 39/80 [poisoned by a gnoll sergeant]
  9033 | D:7      | HP: 32/80 [poisoned by a gnoll sergeant]
  9401 | D:8      | Reached * piety under Qazlal
  9538 | D:8      | Found a runed translucent gate.
  9538 | D:8      | Found a runed translucent gate.
  9540 | D:8      | Found a runed translucent gate.
  9543 | D:8      | Noticed Wulfey's ghost (novice MiBe)
  9660 | D:8      | HP: 39/80 [poisoned by a killer bee]
  9665 | D:8      | HP: 30/80 [poisoned by a killer bee]
  9974 | D:8      | Reached skill level 10 in Armour
 10482 | D:8      | Found an ancient bone altar of Kikubaaqudgha.
 10493 | D:8      | Found a shimmering blue altar of Sif Muna.
 10495 | D:8      | Found a radiant altar of Vehumet.
 10499 | D:8      | Got Kikubaaqudgha's Volume of the Grave
 10940 | D:8      | Bought a glowing ring mail for 224 gold pieces
 10964 | D:9      | Noticed Maurice
 10980 | D:9      | Killed Maurice
 10998 | D:9      | Found an opulent altar of Gozag.
 11281 | D:9      | Noticed a cyclops
 11300 | D:9      | HP: 27/82 [cyclops (19)]
 11301 | D:9      | Killed a cyclops
 11302 | D:9      | Reached skill level 9 in Fighting
 11769 | D:9      | Found a staircase to the Lair.
 11789 | D:9      | Reached skill level 10 in Fighting
 12105 | D:10     | Entered Level 10 of the Dungeon
 12133 | D:10     | HP: 25/85 [ice devil[a kobold demonologist] (18)]
 12137 | D:10     | Slain by an ice devil

Illustrated notes

Levels and vault maps discovered:
D:1:      mrwooster_arrival_arrow, layout_rooms,
          hellmonk_ecumenical_altar_arch_garden, minmay_tiny_reverse_x
D:2:      layout_loops_ring, serial_forest, infiniplex_forest_clump_medium,
          infiniplex_forest_straight_3, infiniplex_forest_split,
          infiniplex_forest_side_room, infiniplex_forest_end_3,
          infiniplex_forest_zigzag_1, infiniplex_forest_clump_tiny,
          serial_park_tiny_2, minmay_misc_feat_room, serial_park_tiny_1,
          uniq_natasha
D:3:      layout_basic, nicolae_overflow_hidden_temple,
          mainiacjoe_overflow_brackets, portal_sewer_entry_f, minmay_liquid_box,
          interstate_on_off, minmay_misc_feat_hallway, kennysheep_boxes,
          uniq_grinder, uniq_terence
D:4:      layout_basic, serial_shops, nicolae_shop_dealshenge,
          ebering_ghost_disaster_area, uniq_pikel, uniq_eustachio
D:5:      layout_layer_cave, beargit_hepliaklqana_dungeon_heroes,
          grunt_dithmenos_smoke, kennysheep_generic_room_5
D:6:      layout_loops_ring, trog_butcher_becter, minmay_temple_entry_slanted,
          uniq_menkaure
D:7:      layout_loops_ring
D:8:      minmay_distorted_concentric_squares, layout_basic,
          grunt_temple_overflow_magic_moments, serial_shops,
          nicolae_shop_competitors_out_of_business, gammafunk_ghost_spectres,
          nicolae_figureground_pulse
D:9:      layout_gridville, grunt_gozag_breadcrumbs, david_lair_shrubbed,
          uniq_maurice
D:10:     minmay_general_purpose_star, layout_basic,
          grunt_temple_overflow_holy_war, serial_shops, nicolae_square_shop,
          minmay_ruffians, uniq_josephine, uniq_urug
Temple:   chequers_temple_sunken

Skill      XL: |  1  2  3  4  5  6  7  8  9 10 |
---------------+-------------------------------+-----
Polearms       | 2 3 4 5 6 |  6.0
Fighting       | 4 5 8 10 | 10.0
Armour         | 2 3 8 10 | 10.0
Dodging        | 2 |  2.0
Throwing       | 4 |  4.0
Spellcasting   | |  2.0
Translocations | |  2.6

Action                     |  1- 3 |  4- 6 |  7- 9 | 10-12 || total
---------------------------+-------+-------+-------+-------++-------
  Melee: Spear             |    81 |   155 |   224 |    12 ||   472
         Punch             |       |     3 |     2 |       ||     5
         Touch             |       |     9 |    42 |     4 ||    55
         Halberd           |       |       |   104 |       ||   104
         Trident           |       |       |       |   164 ||   164
  Throw: Dart              |       |       |    10 |    11 ||    21
         Boomerang         |       |       |     1 |       ||     1
    Use: Potion            |     1 |       |     2 |     2 ||     5
         Scroll            |       |       |     5 |       ||     5
   Stab: Sleeping          |       |       |     1 |       ||     1
 Armour: Leather armour    |    26 |    19 |    57 |    12 ||   114
         Ring mail         |       |       |       |    50 ||    50
  Dodge: Dodged            |    41 |    47 |   122 |    80 ||   290
  Block: Buckler           |       |       |       |    45 ||    45

Levels and vault maps discovered:
D:1:      mrwooster_arrival_arrow, layout_rooms,
          hellmonk_ecumenical_altar_arch_garden, minmay_tiny_reverse_x
D:2:      layout_loops_ring, serial_forest, infiniplex_forest_clump_medium,
          infiniplex_forest_straight_3, infiniplex_forest_split,
          infiniplex_forest_side_room, infiniplex_forest_end_3,
          infiniplex_forest_zigzag_1, infiniplex_forest_clump_tiny,
          serial_park_tiny_2, minmay_misc_feat_room, serial_park_tiny_1,
          uniq_natasha
D:3:      layout_basic, nicolae_overflow_hidden_temple,
          mainiacjoe_overflow_brackets, portal_sewer_entry_f, minmay_liquid_box,
          interstate_on_off, minmay_misc_feat_hallway, kennysheep_boxes,
          uniq_grinder, uniq_terence
D:4:      layout_basic, serial_shops, nicolae_shop_dealshenge,
          ebering_ghost_disaster_area, uniq_pikel, uniq_eustachio
D:5:      layout_layer_cave, beargit_hepliaklqana_dungeon_heroes,
          grunt_dithmenos_smoke, kennysheep_generic_room_5
D:6:      layout_loops_ring, trog_butcher_becter, minmay_temple_entry_slanted,
          uniq_menkaure
D:7:      layout_loops_ring
D:8:      minmay_distorted_concentric_squares, layout_basic,
          grunt_temple_overflow_magic_moments, serial_shops,
          nicolae_shop_competitors_out_of_business, gammafunk_ghost_spectres,
          nicolae_figureground_pulse
D:9:      layout_gridville, grunt_gozag_breadcrumbs, david_lair_shrubbed,
          uniq_maurice
D:10:     minmay_general_purpose_star, layout_basic,
          grunt_temple_overflow_holy_war, serial_shops, nicolae_square_shop,
          minmay_ruffians, uniq_josephine, uniq_urug
Temple:   chequers_temple_sunken

Table legend: (Time is in decaauts)
 A = Elapsed time spent in this place.
 B = Non-inter-level travel time spent in this place.
 C = Inter-level travel time spent in this place.
 D = Time resting spent in this place.
 E = Time spent auto-exploring this place.
 F = Levels seen in this place.
 G = Mean time per level.
                   A        B        C        D        E       F      G
               +--------+--------+--------+--------+--------+-----+--------+
         Total |  12289 |  12010 |    279 |   1241 |   9025 |  12 | 1024.1 |
       Dungeon |  10829 |  10568 |    261 |   1075 |   8069 |  10 | 1082.9 |
        Temple |     45 |     27 |     18 |      0 |     15 |   1 |   45.0 |
         Sewer |   1414 |   1414 |      0 |    166 |    941 |   1 | 1414.0 |
               +--------+--------+--------+--------+--------+-----+--------+

Top non-repeatable levels by time:
     D:8: 1745 daAuts
     D:3: 1574 daAuts
     D:5: 1558 daAuts
   Sewer: 1414 daAuts
     D:2: 1168 daAuts
     D:9: 1143 daAuts
     D:7: 1083 daAuts
     D:6: 1014 daAuts
     D:4: 915 daAuts
     D:1: 594 daAuts
  Temple: 45 daAuts
    D:10: 32 daAuts

Table legend:
 A = Kills in this place as a percentage of kills in the entire game.
 B = Kills by you in this place as a percentage of kills by you in the entire game.
 C = Kills by friends in this place as a percentage of kills by friends in the entire game.
 D = Other kills in this place as a percentage of other kills in the entire game.
 E = Experience gained in this place as a percentage of experience gained in the entire game.
 F = Experience gained in this place divided by the number of levels of this place that you have seen.
                   A       B       C       D       E      F
               +-------+-------+-------+-------+-------+----------------------
         Total | 100.0 | 100.0 |   N/A | 100.0 | 100.0 | 800.3
       Dungeon |  85.9 |  85.8 |   N/A | 100.0 |  90.0 | 864.0
         Sewer |  14.1 |  14.2 |   N/A |   0.0 |  10.0 | 964.0
               +-------+-------+-------+-------+-------+----------------------
